 Dungeon Crawl Stone Soup version 0.27-a0-1290-g15d3ce7508 (webtiles) character file.

Game seed: 3556406608167909919

525 27snakeeyes612 the Shield-Bearer (level 7, -2/37 HPs)
             Began as a Vine Stalker Fighter on June 15, 2021.
             Was an Initiate of Okawaru.
             Slain by a gnoll (3 damage)
             ... on level 5 of the Dungeon.
             The game lasted 00:03:38 (3540 turns).

27snakeeyes612 the Shield-Bearer (VSFi)             Turns: 3540, Time: 00:03:39

Health: -2/37      AC: 10    Str: 21    XL:     7   Next: 22%
Magic:  0/8        EV:  8    Int:  8    God:    Okawaru [......]
Gold:   100        SH: 10    Dex: 13    Spells: 6/6 levels left

rFire    . . .     SeeInvis .   a - +0 flail
rCold    . . .     Faith    .   c - +0 kite shield
rNeg     . . .     Spirit   +   b - +0 scale mail
rPois    .         Reflect  .   (no helmet)
rElec    .         Harm     .   (no cloak)
rCorr    .         Rampage  .   h - +2 pair of gloves
Will     .....                  (no boots)
Stlth    ..........             (no amulet)
HPRegen  1.12/turn              (no ring)
MPRegen  0.11/turn              (no ring)

@: about to teleport
A: fangs 2, regeneration 1, magic shield, antimagic bite, no potion heal 2
a: Renounce Religion


You were on level 5 of the Dungeon.
You worshipped Okawaru.
Okawaru was noncommittal.
You visited 2 branches of the dungeon, and saw 6 of its levels.

You collected 100 gold pieces.

Inventory:

Hand Weapons
 a - a +0 flail (weapon)
Armour
 b - a +0 scale mail (worn)
 c - a +0 kite shield (worn)
 e - a +0 chain mail
 h - a +2 pair of gloves (worn)
Jewellery
 l - a ring of poison resistance
 p - a +6 ring of dexterity
 q - a ring of magical power
Wands
 r - a wand of iceblast (8) (quivered)
Scrolls
 f - 3 scrolls of identify
 g - a scroll of noise {unknown}
 n - a scroll of teleportation
 s - 3 scrolls of enchant armour
Potions
 d - 3 potions of might
 i - 2 potions of invisibility {unknown}
 j - a potion of resistance {unknown}
 k - 2 potions of mutation {unknown}
 m - 2 potions of heal wounds {unknown}
 o - a potion of brilliance {unknown}


   Skills:
 + Level 4.0 Fighting
 + Level 3.6 Maces & Flails
 + Level 3.6 Armour
 - Level 0.8 Dodging
 - Level 0.4 Stealth
 + Level 4.4 Shields
 + Level 1.1 Invocations


You had 6 spell levels left.
You didn't know any spells.
Your spell library was empty.

Dungeon Overview and Level Annotations

Branches:
Dungeon (5/15)             Temple (1/1) D:4

Altars:
Ashenzari
Cheibriados
Elyvilon
Gozag
Makhleb
Nemelex Xobeh
Okawaru
Qazlal
Ru
Sif Muna
Vehumet
Wu Jian
Xom
Zin
The Shining One

Shops:
D:1 !   D:2 *

Annotations:
D:5 Blork the orc, Duvessa


Innate Abilities, Weirdness & Mutations

You have extremely sharp teeth.
Your natural rate of healing is unusually fast.
When hurt, damage is shared between your health and your magic reserves.
Your bite disrupts and absorbs the magic of your enemies.
Potions cannot restore your health.


Message History

Duvessa weeps, then rights herself and shakes her weapon.
Duvessa goes berserk!
The ufetubus hits you but does no damage. x2
The centaur skeleton hits you but does no damage.
You block the centaur skeleton's attack.
You block Duvessa's attack.
The gnoll hits you from afar with a +0 spear.
You block the gnoll's attack. The adder bites you but does no damage.
The ufetubus barely misses you. The ufetubus completely misses you.
The centaur skeleton hits you.
The centaur skeleton completely misses you.
Duvessa hits you with a +0 short sword!
* * * LOW HITPOINT WARNING * * *
The gnoll closely misses you.
You are too injured to fight recklessly!
You are too injured to fight recklessly!
You are too injured to fight recklessly!
As you read the scroll labelled IFUCVUGGEON, it crumbles to dust.
It is a scroll of identify.
s - 3 scrolls of enchant armour You block the ufetubus's attack.
The ufetubus hits you but does no damage.
The adder bites you but does no damage. The gnoll hits you with a +0 club.
* * * LOW HITPOINT WARNING * * *
The gnoll hits you but does no damage. Duvessa hits you but does no damage.
You block the centaur skeleton's attack. x2
Blork the orc screams, "I'll eat your brain!
And then I'll vomit it back up!"
The ufetubus barely misses you. The ufetubus hits you.
* * * LOW HITPOINT WARNING * * *
The adder bites you.
* * * LOW HITPOINT WARNING * * *
You block the gnoll's attack.
As you read the scroll labelled MUZIELAD SUNIK, it crumbles to dust.
You feel strangely unstable.
It was a scroll of teleportation.
Duvessa hits you with a +0 short sword!
* * * LOW HITPOINT WARNING * * *
You block the gnoll's attack.
The centaur skeleton hits you but does no damage.
The centaur skeleton barely misses you. The gnoll hits you with a +0 flail.
You die...

##..(..........
#..............#
#.......!.......#
#...............#
................#
#......og.......##
#.....S5g?.........
#..$.g@Z..........
#....e............
##..............#
#..............#
##.............#
#####.......##
####.#### #.##
######.#


You could see Duvessa (berserk), Blork the orc (fast), 3 gnolls, an adder, an
ufetubus and a centaur skeleton.

Vanquished Creatures
  A black bear (D:5)
  A necrophage (D:4)
  Dowan (D:5)
  A hound (D:4)
  A scorpion zombie (D:5)
  Natasha (D:1)
  An iguana (D:4)
  An orc wizard (D:3)
  3 gnolls (D:4)
  5 adders
  2 dart slugs
  4 worms (D:2)
  8 orcs
  3 ball pythons
  6 bats
  11 endoplasms
  3 giant cockroaches
  6 goblins
  4 hobgoblins
  2 quokkas (D:2)
  4 frilled lizards
  9 kobolds
  7 rats
85 creatures vanquished.

Notes
Turn   | Place    | Note
-------+----------+-------------------------------------------
     0 | D:1      | 27snakeeyes612 the Vine Stalker Fighter began the quest for
                  | the Orb.
     0 | D:1      | Reached XP level 1. HP: 11/11 MP: 2/2
    59 | D:1      | Found a faded altar of an unknown god.
   204 | D:1      | Reached XP level 2. HP: 15/16 MP: 1/3
   247 | D:1      | Found Viaxiari's Distillery.
   626 | D:1      | Reached XP level 3. HP: 20/20 MP: 4/4
   948 | D:2      | Found a stormy altar of Qazlal.
   948 | D:2      | Noticed Natasha
   962 | D:1      | Killed Natasha
  1438 | D:2      | Gained mutation: Your natural rate of healing is unusually
                  | fast. [Vine Stalker growth]
  1438 | D:2      | Reached XP level 4. HP: 23/24 MP: 3/5
  1831 | D:2      | Found Muishrel's General Store.
  1933 | D:2      | Reached XP level 5. HP: 28/28 MP: 6/6
  2287 | D:4      | Found a staircase to the Ecumenical Temple.
  2296 | Temple   | Entered the Ecumenical Temple
  2369 | D:4      | Noticed a necrophage
  2384 | D:4      | Killed a necrophage
  2385 | D:4      | Reached XP level 6. HP: 29/33 MP: 7/7
  2794 | D:4      | Found an iron altar of Okawaru.
  2804 | D:4      | Became a worshipper of Warmaster Okawaru
  3188 | D:4      | Found a sparkling altar of Nemelex Xobeh.
  3189 | D:4      | Found an opulent altar of Gozag.
  3250 | D:4      | Found a stormy altar of Qazlal.
  3250 | D:4      | Found a white marble altar of Elyvilon.
  3396 | D:5      | Entered Level 5 of the Dungeon
  3396 | D:5      | Noticed a black bear
  3473 | D:5      | Killed a black bear
  3474 | D:5      | Reached XP level 7. HP: 37/37 MP: 8/8
  3503 | D:5      | Reached skill level 1 in Invocations
  3522 | D:5      | Noticed Dowan
  3531 | D:5      | Noticed Duvessa
  3535 | D:5      | Noticed Blork the orc
  3538 | D:5      | Killed Dowan
  3540 | D:5      | HP: 1/37 [Duvessa (6)]
  3540 | D:5      | Slain by a gnoll

Illustrated notes

Levels and vault maps discovered:
D:1:      dpeg_arrival_rooms_with_view, layout_loops_ring,
          basic_ecumenical_altar, serial_shops, shop
D:2:      layout_loops_cross, serial_shops, shop, basic_altar, uniq_natasha
D:3:      layout_basic
D:4:      cheibrodos_old_hovel, layout_layer_cave,
          grunt_temple_overflow_opulence, okawaru_ov_weapons_minmay,
          gammafunk_temple_overflow_wave, minmay_temple_entry_purple_smoke
D:5:      layout_cave_pods, item_on_display_a, uniq_duvessa, uniq_blork_the_orc
Temple:   eino_temple_lava

Skill      XL: |  1  2  3  4  5  6  7 |
---------------+----------------------+-----
Fighting       | 3 4 |  4.0
Maces & Flails | 2 3 |  3.6
Shields        | 3 4 |  4.4
Armour         | 3 |  3.6
Invocations    | 1 |  1.1
Dodging        | |  0.8
Stealth        | |  0.4

Action                   |  1- 3 |  4- 6 |  7- 9 || total
-------------------------+-------+-------+-------++-------
Melee: Flail             |    72 |   186 |    22 ||   280
       Bite              |    18 |    55 |     8 ||    81
Evoke: Wand              |       |     3 |       ||     3
  Use: Scroll            |       |       |     2 ||     2
Armor: Scale mail        |    38 |    92 |    76 ||   206
Dodge: Dodged            |    30 |    46 |    46 ||   122
Block: Kite shield       |    48 |   113 |    42 ||   203

Table legend: (Time is in decaauts)
 A = Elapsed time spent in this place.
 B = Non-inter-level travel time spent in this place.
 C = Inter-level travel time spent in this place.
 D = Time resting spent in this place.
 E = Time spent auto-exploring this place.
 F = Levels seen in this place.
 G = Mean time per level.
                   A        B        C        D        E       F      G
               +--------+--------+--------+--------+--------+-----+--------+
         Total |   3687 |   3558 |    129 |    268 |   2567 |   6 |  614.5 |
       Dungeon |   3648 |   3519 |    129 |    268 |   2553 |   5 |  729.6 |
        Temple |     38 |     38 |      0 |      0 |     14 |   1 |   38.0 |
               +--------+--------+--------+--------+--------+-----+--------+

Top non-repeatable levels by time:
     D:1: 1265 daAuts
     D:4: 1173 daAuts
     D:2: 766 daAuts
     D:3: 334 daAuts
     D:5: 107 daAuts
  Temple: 38 daAuts
